 Dungeon Crawl Stone Soup version 0.22-a0-422-g9628fc8 (webtiles) character file.

7782 iamserjio the Geomancer (level 11, 0/81 HPs)
             Began as a Formicid Earth Elementalist on May 17, 2018.
             Was a Believer of Kikubaaqudgha.
             Slain by a killer bee (5 damage)
             ... on level 10 of the Dungeon.
             The game lasted 00:41:03 (15225 turns).

iamserjio the Geomancer (FoEE)                     Turns: 15225, Time: 00:41:04

Health: 0/81       AC:  8    Str: 12    XL:     11   Next: 43%
Magic:  14/23      EV: 11    Int: 19    God:    Kikubaaqudgha [**....]
Gold:   482        SH:  5    Dex: 11    Spells: 7/27 levels left

rFire    + . .     SeeInvis +   i - +1 rapier "Piroatze" {pierce, Stlth+}
rCold    . . .     Gourm    .   z - +1 buckler
rNeg     . . .     Faith    .   K - +0 troll leather armour
rPois    .         Spirit   .   (helmet unavailable)
rElec    .         Reflect  .   (no cloak)
rCorr    .         Harm     .   (no gloves)
MR       +....                  C - +2 pair of boots
Stlth    +++.......             J - amulet of the acrobat
HPRegen  0.63/turn              A - ring of protection from fire
MPRegen  0.18/turn              (no ring)

@: lethally poisoned (0 -> -19)
A: permanent stasis, dig shafts and tunnels, four strong arms, antennae 3
a: Dig, Shaft Self, Receive Corpses, Renounce Religion


You were on level 10 of the Dungeon.
You worshipped Kikubaaqudgha.
Kikubaaqudgha was pleased with you.
You were not hungry.

You visited 2 branches of the dungeon, and saw 11 of its levels.

You collected 624 gold pieces.
You spent 142 gold pieces at shops.

Inventory:

Hand Weapons
 i - the +1 rapier "Piroatze" (weapon) {pierce, Stlth+}
   (You found it on level 5 of the Dungeon)

   It inflicts extra damage upon your enemies.
   It makes you more stealthy.
 m - a +1 quarterstaff of draining
Missiles
 b - 128 stones (quivered)
Armour
 w - the +1 robe "Ymoekij" {MP+9}
   (You bought it in a shop on level 5 of the Dungeon)

   It affects your magic capacity (+9).
 z - a +1 buckler (worn)
 C - a +2 pair of boots (worn)
 E - a +3 ring mail
 F - a +1 scale mail of positive energy
 K - a +0 troll leather armour (worn)
Magical Staves
 c - an uncursed staff of death
 N - an uncursed staff of wizardry
Jewellery
 A - a ring of protection from fire (left hand)
 J - an amulet of the acrobat (around neck)
Wands
 x - a wand of clouds (1)
 G - a wand of iceblast (13)
 I - a wand of polymorph (7)
Scrolls
 f - 2 scrolls of immolation {unknown}
 g - 3 scrolls of amnesia {unknown}
 l - a scroll of blinking {unknown}
 o - 3 scrolls of enchant armour
 s - 2 scrolls of vulnerability {unknown}
 t - a scroll of fear
 u - 5 scrolls of fog {unknown}
 B - 2 scrolls of holy word {unknown}
 L - a scroll of brand weapon {unknown}
Potions
 a - 4 potions of heal wounds
 e - 2 potions of degeneration {unknown}
 h - 2 potions of might
 k - 3 potions of flight
 n - a potion of haste {unknown}
 p - 3 potions of berserk rage
 r - 2 potions of resistance
 v - a potion of invisibility {unknown}
 D - 2 potions of lignification {unknown}
 H - a potion of brilliance {unknown}
Comestibles
 d - 16 rations
 j - 3 chunks of flesh


   Skills:
 + Level 5.8 Fighting
 + Level 4.6 Armour
 - Level 1.7 Dodging
 + Level 4.0 Stealth
 - Level 4.0 Shields
 + Level 8.7 Spellcasting
 + Level 6.1 Necromancy
 - Level 1.1 Transmutations
 * Level 12.7 Earth Magic


You had 7 spell levels left.
You knew the following spells:

 Your Spells              Type           Power        Failure   Level  Hunger
a - Sandblast             Erth           ######       1%          1    None
b - Stone Arrow           Conj/Erth      ####..       2%          3    None
c - Passwall              Tmut/Erth      ####......   1%          2    None
d - Lee's Rapid Deconstr  Erth           ######....   1%          5    #####..
e - Sublimation of Blood  Necr           ####......   1%          2    None
f - Petrify               Tmut/Erth      ####....     6%          4    ###....
g - Regeneration          Chrm/Necr      ###.......   9%          3    None

Your spell library contained the following spells:

 Spells                   Type           Power        Failure   Level  Hunger
 Magic Dart               Conj           #...         11%         1    None
 Confuse                  Hex            #.......     32%         3    None
 Iskenderun's Mystic Bla  Conj           #.......     71%         4    ###....
 Pain                     Necr           ####         1%          1    None
 Corpse Rot               Necr           N/A          1%          2    None
 Confusing Touch          Hex            #.....       11%         1    None
 Metabolic Englaciation   Hex/Ice        #.........   96%         5    #####..
 Fulminant Prism          Conj/Hex       #.........   71%         4    ###....
 Dazzling Spray           Conj/Hex       #.....       32%         3    None
 Force Lance              Conj/Tloc      #.......     71%         4    ###....
 Searing Ray              Conj           #.....       16%         2    None
 Gell's Gravitas          Tloc           #.........   32%         3    None
 Yara's Violent Unravell  Hex/Tmut       ##........   94%         5    #####..


Dungeon Overview and Level Annotations

Branches:
Dungeon (10/15)            Temple (1/1) D:4
   Lair: D:8-11         Orc: D:9-12

Altars:
Ashenzari
Cheibriados
Dithmenos
Elyvilon
Fedhas
Hepliaklqana
Kikubaaqudgha
Makhleb
Nemelex Xobeh
Qazlal
Ru
Sif Muna
Trog
Uskayaw
Vehumet
Wu Jian
Xom
Yredelemnul
The Shining One

Shops:
D:5 [   D:6 (   D:9 %

Annotations:
D:5 galech's ghost, novice GnWn


Innate Abilities, Weirdness & Mutations

You cannot be hasted, slowed, berserked, paralysed or teleported.
You can dig through walls and to a lower floor.
Your four strong arms can wield two-handed weapons with a shield.
You have a pair of large antennae on your head. (SInv)


Message History

You are more poisoned.
The killer bee poisons you! The killer bee stings you.
* * * LOW HITPOINT WARNING * * *
Casting: Sandblast (safe; 1% risk of failure)
Confirm with . or Enter, or press ? or * to list all spells.
Aiming: Sandblast (safe; 1% risk of failure)
Press: ? - help, Shift-Dir - straight line, f/p - killer bee
Aim: a killer bee (berserk, fast, unusually strong)
The blast of sand hits the killer bee.
The killer bee is severely wounded.
b - 128 stones
* * * LOW HITPOINT WARNING * * *
You feel sick. The killer bee stings you.
* * * LOW HITPOINT WARNING * * *
The killer bee stings you.
* * * LOW HITPOINT WARNING * * *
You are more poisoned.
The killer bee poisons you! The killer bee stings you.
You die...
Kikubaaqudgha rasps: "You have failed me!
Welcome... death!"

##.## #..# ##.## #..# #
##.## { .# #..# # #.#
#.## { { { .#..# #.# #
{ ##...# #@#
y.####....# #y#
..........# ##y######
....)..>..# #.y.....#
........y.# #.......#
.........†### #.......#
............# #.......#
..........#.###.......#
###.#######y††'.......#


You could see 3 killer bees.

Vanquished Creatures
  A two-headed ogre (D:8)
  An oklob plant (D:7)
  Joseph (D:7)
  2 guardian serpents (D:9)
  2 trolls (D:9)
  A hippogriff (D:5)
  A wyvern (D:8)
  3 yaks
  2 hungry ghosts
  Menkaure (D:7)
  A sky beast (D:8)
  3 orc warriors
  4 ice beasts
  A black bear (D:8)
  5 ogres
  2 phantoms
  A necrophage (D:9)
  3 centaurs
  3 bullfrogs
  A gnoll sergeant (D:7)
  A wyvern zombie (D:9)
  2 scorpions
  10 killer bees
  3 crimson imps
  2 howler monkeys (D:9)
  A centaur zombie (D:8)
  A quasit (D:9)
  A bullfrog zombie (D:7)
  3 orc priests
  2 centaur skeletons
  6 hounds
  6 orc wizards
  2 iguanas
  5 worker ants
  A hound zombie (D:6)
  2 hound skeletons
  A howler monkey zombie (D:9)
  Robin (D:3)
  A worker ant zombie (D:5)
  11 gnolls
  12 adders
  A howler monkey skeleton (D:5)
  2 shadow imps
  An ooze (D:3)
  An adder zombie (D:9)
  An adder skeleton (D:4)
  4 worms
  2 dart slugs
  3 leopard geckos
  32 orcs
  3 ball pythons
  9 bats
  6 giant cockroaches
  13 goblins
  6 hobgoblins
  11 jackals
  6 kobolds
  2 quokkas
  2 frilled lizards
  A quokka skeleton (D:5)
  3 rats
  A fungus (D:7)
  A plant (D:7)
224 creatures vanquished.

Vanquished Creatures (others)
  10 fungi (D:7)
10 creatures vanquished.

Grand Total: 234 creatures vanquished

Notes
Turn   | Place    | Note
-------+----------+-------------------------------------------
     0 | D:1      | iamserjio the Formicid Earth Elementalist began the quest for the Orb.
     0 | D:1      | Reached XP level 1. HP: 13/13 MP: 3/3
    55 | D:1      | Reached skill level 4 in Earth Magic
    55 | D:1      | Reached XP level 2. HP: 19/19 MP: 1/5
   800 | D:1      | Reached XP level 3. HP: 16/24 MP: 6/6
  1501 | D:2      | Found a radiant altar of Vehumet.
  1680 | D:2      | Found a hazy altar of Hepliaklqana.
  1702 | D:2      | Found a shadowy altar of Dithmenos.
  1771 | D:2      | Reached skill level 5 in Earth Magic
  1823 | D:2      | Reached XP level 4. HP: 30/30 MP: 8/8
  1861 | D:2      | Found a burning altar of Makhleb.
  2438 | D:3      | Reached XP level 5. HP: 22/35 MP: 5/9
  2810 | D:3      | Noticed Robin
  2818 | D:3      | Killed Robin
  2849 | D:3      | Reached skill level 6 in Earth Magic
  2926 | D:3      | Learned a level 3 spell: Stone Arrow
  2945 | D:3      | Learned a level 2 spell: Passwall
  3259 | D:3      | Found a stormy altar of Qazlal.
  3386 | D:3      | Found a sparkling altar of Nemelex Xobeh.
  3387 | D:3      | Found a shadowy altar of Dithmenos.
  3747 | D:4      | Reached XP level 6. HP: 41/41 MP: 8/11
  3765 | D:4      | Reached skill level 7 in Earth Magic
  3801 | D:4      | Noticed a phantom
  4420 | D:4      | Noticed an ogre
  4427 | D:4      | Killed an ogre
  4427 | D:4      | Reached XP level 7. HP: 46/46 MP: 9/13
  4638 | D:4      | Found a shimmering altar of Xom.
  5017 | D:4      | Found a staircase to the Ecumenical Temple.
  5022 | Temple   | Entered the Ecumenical Temple
  5116 | Temple   | Became a worshipper of Kikubaaqudgha
  5164 | D:4      | Reached skill level 8 in Earth Magic
  5521 | D:4      | Reached skill level 5 in Spellcasting
  5755 | D:4      | You fall through a shaft for 2 floors!
  5778 | D:7      | Noticed a hungry ghost
  5784 | D:7      | Killed a hungry ghost
  5877 | D:7      | Found a radiant altar of Vehumet.
  6005 | D:7      | Reached XP level 8. HP: 47/52 MP: 16/16
  6359 | D:7      | Reached skill level 9 in Earth Magic
  7060 | D:7      | Found a shattered altar of Ashenzari.
  7060 | D:7      | Found a deep blue altar of Sif Muna.
  7060 | D:7      | Noticed Menkaure
  7063 | D:7      | Killed Menkaure
  7770 | D:7      | Reached * piety under Kikubaaqudgha
  7770 | D:7      | Identified Kikubaaqudgha's Guide on Sinister Magic (Kikubaaqudgha gifted it to you on level 7 of the Dungeon)
  7770 | D:7      | Received a gift from Kikubaaqudgha
  8071 | D:7      | Noticed Joseph
  8084 | D:7      | Killed Joseph
  8084 | D:7      | Reached skill level 1 in Fighting
  8084 | D:7      | Reached skill level 10 in Earth Magic
  8084 | D:7      | Reached XP level 9. HP: 42/60 MP: 12/19
  8184 | D:7      | Found a blossoming altar of Fedhas.
  8197 | D:7      | Noticed an oklob plant
  8322 | D:5      | Entered Level 5 of the Dungeon
  8327 | D:5      | Noticed a hippogriff
  8334 | D:5      | Killed a hippogriff
  8335 | D:5      | Got an ivory rapier
  8342 | D:5      | Identified the +1 rapier "Piroatze" {pierce, Stlth+} (You found it on level 5 of the Dungeon)
  8643 | D:5      | Found Vawkelow's Antique Armour Shoppe.
  8651 | D:5      | Noticed galech's ghost (novice GnWn)
  9175 | D:5      | Bought a heavy robe for 142 gold pieces
  9185 | D:5      | Identified the +1 robe "Ymoekij" {MP+9} (You bought it in a shop on level 5 of the Dungeon)
  9208 | D:5      | Found a bloodstained altar of Trog.
  9588 | D:7      | Learned a level 5 spell: Lee's Rapid Deconstruction
  9591 | D:7      | Learned a level 2 spell: Sublimation of Blood
  9625 | D:6      | Found Suarocs's Antique Weapon Emporium.
 10778 | D:7      | Learned a level 4 spell: Petrify
 10785 | D:7      | Killed an oklob plant
 10785 | D:7      | Reached skill level 1 in Armour
 10785 | D:7      | Reached XP level 10. HP: 54/70 MP: 4/21
 11104 | D:8      | Reached skill level 11 in Earth Magic
 11934 | D:8      | Noticed a two-headed ogre
 11938 | D:8      | Killed a two-headed ogre
 11938 | D:8      | Reached skill level 5 in Necromancy
 12650 | D:9      | Reached ** piety under Kikubaaqudgha
 12969 | D:9      | Reached skill level 5 in Fighting
 12969 | D:9      | Reached skill level 12 in Earth Magic
 12979 | D:9      | Reached XP level 11. HP: 75/79 MP: 4/23
 13404 | D:9      | Found Reatwey's Food Shop.
 13991 | D:9      | Learned a level 3 spell: Regeneration
 14638 | D:9      | Got a sparkling copper amulet
 14954 | D:9      | Identified the amulet of Ovyhead {Inacc Str+5} (You found it on level 9 of the Dungeon)
 14965 | D:10     | Entered Level 10 of the Dungeon
 15225 | D:10     | Slain by a killer bee

Vault maps used:
D:1:      shiori_arrival_maze, serial_forest, infiniplex_forest_diagonal,
          infiniplex_forest_lined_room_2, infiniplex_forest_straight_4,
          infiniplex_forest_corner_2, infiniplex_forest_fountain,
          infiniplex_forest_clump_curved, infiniplex_forest_clump_small
D:2:      marbit_many_paths, lemuel_doored_altar,
          nicolae_overflow_crystal_walls, grunt_dithmenos_smoke_and_mirrors
D:3:      overflow_temple_1_default, nicolae_overflow_hidden_temple,
          first_ration, uniq_robin
D:4:      lemuel_round_altar, temple_doors_ab
D:5:      lightli_temple_of_fire, minmay_shop_grid_forest
D:6:      serial_shops, nicolae_shop_behind_doors
D:7:      tgw_fedhas, gammafunk_temple_overflow_statue, serial_park_tiny_pond,
          vehumet_altar_wand_db, uniq_menkaure, uniq_joseph
D:9:      nrook_guardian_serpent_snake_passage, serial_shops, shop
D:10:     erik_lair_dragon, david_nohive_1, uniq_erolcha, uniq_sonja, uniq_grum
Temple:   nicolae_temple_figure_zero

Skill      XL: |  1  2  3  4  5  6  7  8  9 10 11 |
---------------+----------------------------------+-----
Earth Magic    | 4 5 6 7 8 10 12 | 12.7
Spellcasting   | 3 4 5 7 8 |  8.7
Fighting       | 1 3 5 |  5.8
Shields        | 2 4 |  4.0
Necromancy     | 2 4 5 6 |  6.1
Armour         | 1 3 4 |  4.6
Stealth        | 4 |  4.0
Dodging        | |  1.7
Transmutations | |  1.1

Action                   |  1- 3 |  4- 6 |  7- 9 | 10-12 || total
-------------------------+-------+-------+-------+-------++-------
Melee: Dagger            |    38 |    98 |     5 |       ||   141
       Club              |     7 |       |       |       ||     7
       Short sword       |       |     1 |    26 |       ||    27
       Quarterstaff      |       |       |    39 |       ||    39
       Spear             |       |       |    28 |       ||    28
       Rapier            |       |       |    49 |    39 ||    88
 Cast: Sandblast         |    32 |    76 |    74 |    44 ||   226
       Stone Arrow       |       |     1 |    48 |    97 ||   146
       Lee's Rapid Decon |       |       |     9 |     8 ||    17
       Petrify           |       |       |     1 |       ||     1
  Use: Scroll            |       |     1 |     4 |     7 ||    12
 Stab: Sleeping          |     3 |     3 |     3 |     1 ||    10
       Distracted        |       |       |     1 |       ||     1
  Eat: Chunk             |     1 |     7 |     9 |     7 ||    24
       Ration            |     1 |       |     4 |     3 ||     8
Armor: Robe              |    15 |    20 |    37 |       ||    72
       Leather armour    |       |       |     2 |       ||     2
       Ring mail         |       |       |       |    33 ||    33
       Troll leather arm |       |       |       |     5 ||     5
Dodge: Dodged            |    49 |    91 |   128 |    67 ||   335
Block: Buckler           |       |       |    23 |    29 ||    52

Table legend:
 A = Spawn XP
 B = Non-spawn XP
 C = Spawn XP percentage of total XP
 D = Spawn monster count
 E = Non-spawn monster count
 F = Spawn count percentage of total count
 G = Total turns spent on level
                    A         B        C        D         E        F      G
               +---------+---------+-------+---------+---------+-------+---------
         Total |       0 |   11118 |   0.0 |       0 |     222 |   0.0 | 15225
               +---------+---------+-------+---------+---------+-------+---------
           D:1 |       0 |      40 |   0.0 |       0 |      22 |   0.0 |  1440
           D:2 |       0 |      55 |   0.0 |       0 |      14 |   0.0 |   689
           D:3 |       0 |     169 |   0.0 |       0 |      37 |   0.0 |  1932
           D:4 |       0 |     567 |   0.0 |       0 |      19 |   0.0 |  1742
           D:5 |       0 |     935 |   0.0 |       0 |      13 |   0.0 |   797
           D:6 |       0 |     712 |   0.0 |       0 |      20 |   0.0 |  1334
           D:7 |       0 |    1880 |   0.0 |       0 |      33 |   0.0 |  3022
           D:8 |       0 |    2247 |   0.0 |       0 |      20 |   0.0 |  1830
           D:9 |       0 |    4146 |   0.0 |       0 |      37 |   0.0 |  2074
          D:10 |       0 |     367 |   0.0 |       0 |       7 |   0.0 |   260
               +---------+---------+-------+---------+---------+-------+---------
